[Event "Titled Tuesday Blitz January 10 Early 2023"]
[White "Bluebaum, Matthias"]
[Black "Batsuren, Dambasuren"]
[WhiteFideId "24651516"]
[BlackFideId "4902920"]
[WhiteElo "2669"]
[BlackElo "2525"]
[Result "0-1"]
[Round "03"]
[TimeControl "180+2"]
[Date "2023.01.10"]
[WhiteClock "0:00:01"]
[BlackClock "0:00:05"]

1. d4 Nf6 2. c4 e6 3. Nc3 Bb4 4. e3 O-O 5. Bd2 d5 6. Nf3 b6 7. cxd5 exd5 8. Rc1 a6 9. Bd3 Bb7 10. O-O Bd6 11. Ne5 c5 12. f4 Nc6 13. Ng4 cxd4 14. Nxf6+ Qxf6 15. Nxd5 Qd8 16. e4 Ne7 17. Nxe7+ Qxe7 18. e5 Bc5 19. Qh5 g6 20. Qh6 f6 21. b4 fxe5 22. fxe5 Qxe5 23. bxc5 bxc5 24. Rce1 Qd5 25. Rxf8+ Rxf8 26. Be4 Qd7 27. Bxb7 Qxb7 28. h4 Qf7 29. Kh1 Re8 30. Rxe8+ Qxe8 31. Qg5 Qe2 32. Qd5+ Kg7 33. Qd7+ Kg8 34. Qd5+ Kg7 35. Bg5 h6 36. Qd7+ Kg8 37. Qd8+ Kh7 38. Qc7+ Kg8 39. Be7 d3 40. Qd8+ Kf7 41. Bd6 Qe1+ 42. Kh2 d2 43. Qd7+ Kf6 44. Bg3 d1=Q 45. Qc6+ Qe6 46. Qxc5 Qdd7 47. Qf8+ Qef7 48. Qxh6 Ke7 49. Qg5+ Qf6 50. Qc5+ Kf7 51. Qc4+ Qfe6 52. Qf4+ Kg8 53. Qg5 Qde8 54. Qd2 Qe4 55. a4 Q8a8 56. a5 Qad5 57. Qb2 Kf7 58. Qf2+ Ke6 59. Qb2 Kd7 60. Qf2 Qdd4 61. Qf7+ Kc6 0-1


[Site "https://www.chess.com"]

[Event "Titled Tuesday Blitz January 10 Early 2023"]
[White "Boros, Denes"]
[Black "Jobava, Baadur"]
[WhiteFideId "722340"]
[BlackFideId "13601520"]
[WhiteElo "2406"]
[BlackElo "2578"]
[Result "1-0"]
[Round "03"]
[TimeControl "180+2"]
[Date "2023.01.10"]
[WhiteClock "0:00:17"]
[BlackClock "0:00:04"]

1. d4 Nf6 2. Nf3 g6 3. Nbd2 d5 4. b3 Bg7 5. Bb2 O-O 6. e3 c6 7. Be2 a5 8. a4 Bf5 9. Ne5 Nfd7 10. Nd3 Bxd3 11. Bxd3 e5 12. O-O Re8 13. c4 exd4 14. exd4 Na6 15. cxd5 Nb4 16. Ne4 cxd5 17. Nd6 Re6 18. Nb5 Nb8 19. Be2 N8c6 20. Bg4 Re7 21. Qd2 h5 22. Bf3 Qd7 23. Rac1 Kh7 24. Rc5 b6 25. Rc3 Rae8 26. Bc1 Rd8 27. Qf4 Re6 28. Be3 Rde8 29. h4 R8e7 30. Rd1 Rf6 31. Qg3 Rfe6 32. Qf4 Rf6 33. Qg3 Bh6 34. Bg5 Bxg5 35. hxg5 Rfe6 36. Qf4 Kg7 37. g3 Re1+ 38. Kg2 Rxd1 39. Bxd1 Re6 40. Bf3 Qe7 41. Re3 Rxe3 42. fxe3 Nd3 43. Qf6+ Qxf6 44. gxf6+ Kxf6 45. Bxd5 Ncb4 46. Bc4 g5 47. Nd6 h4 48. e4 Ne1+ 49. Kh3 Nf3 50. e5+ Ke7 51. Nf5+ Kf8 52. gxh4 gxh4 53. Kg4 Nd2 54. Kxh4 Nc2 55. d5 Nf3+ 56. Kg4 Nxe5+ 57. Kf4 Nxc4 58. bxc4 Na3 59. d6 Ke8 60. Ke5 Nxc4+ 61. Kd5 Nb2 62. Kc6 Nxa4 63. d7+ Kd8 64. Nd6 Ke7 65. Nb7 1-0


[Site "https://www.chess.com"]

[Event "Titled Tuesday Blitz January 10 Early 2023"]
[White "Salem, A.R. Saleh"]
[Black "Boruchovsky, Avital"]
[WhiteFideId "9301348"]
[BlackFideId "2800055"]
[WhiteElo "2677"]
[BlackElo "2539"]
[Result "1-0"]
[Round "03"]
[TimeControl "180+2"]
[Date "2023.01.10"]
[WhiteClock "0:00:41"]
[BlackClock "0:00:19"]

1. d4 Nf6 2. c4 e6 3. Nc3 Bb4 4. e3 O-O 5. Bd3 d5 6. Nf3 c5 7. O-O Bxc3 8. bxc3 b6 9. cxd5 exd5 10. dxc5 bxc5 11. c4 Ba6 12. cxd5 Bxd3 13. Qxd3 Qxd5 14. Qxd5 Nxd5 15. Ba3 Na6 16. Rac1 Rac8 17. Rfd1 Rfd8 18. Kf1 f6 19. Ke2 Kf7 20. Rd2 Rd7 21. Rc4 Rc6 22. Nd4 Nb6 23. Rcc2 Rcc7 24. Nb5 Rxd2+ 25. Rxd2 Re7 26. Rc2 Nb4 27. Rxc5 N4d5 28. Rxd5 Nxd5 29. Bxe7 Kxe7 30. Nxa7 Nc3+ 31. Kd3 Nxa2 32. Kc4 Nc1 33. Nb5 Ne2 34. Nd4 Ng1 35. Nf5+ Kf7 36. Kd3 g6 37. Nd4 h5 38. Kd2 1-0


[Site "https://www.chess.com"]

[Event "Titled Tuesday Blitz January 10 Early 2023"]
[White "Rakhmanov, Aleksandr"]
[Black "Bortnyk, Olexandr"]
[WhiteFideId "4173708"]
[BlackFideId "14120828"]
[WhiteElo "2632"]
[BlackElo "2605"]
[Result "0-1"]
[Round "03"]
[TimeControl "180+2"]
[Date "2023.01.10"]
[WhiteClock "0:00:01"]
[BlackClock "0:00:07"]

1. c4 g6 2. Nc3 Bg7 3. g3 d6 4. Bg2 Nc6 5. d3 Bd7 6. e4 Qc8 7. h3 Nd4 8. Nge2 c5 9. Nxd4 Bxd4 10. Ne2 Bg7 11. Rb1 Rb8 12. b3 b5 13. Bb2 Bxb2 14. Rxb2 Nf6 15. f4 h5 16. Nc3 b4 17. Nd5 Nxd5 18. exd5 O-O 19. Re2 Re8 20. d4 a5 21. Kf2 a4 22. Qd3 axb3 23. axb3 Ra8 24. Qe3 cxd4 25. Qxd4 Ra3 26. g4 Rxb3 27. gxh5 Rc3 28. h6 f6 29. Be4 Bf5 30. Bxf5 Qxf5 31. Qe4 Qxe4 32. Rxe4 b3 33. h4 Kh7 34. Rhe1 Kxh6 35. Rxe7 Rxe7 36. Rxe7 Rxc4 37. Kg3 Rc3+ 38. Kg2 Kh5 39. Rd7 Rc5 40. Kg3 Rc3+ 41. Kg2 Kg4 42. Rb7 Kxf4 43. Rb4+ Ke5 0-1


[Site "https://www.chess.com"]

[Event "Titled Tuesday Blitz January 10 Early 2023"]
[White "Pranav, V"]
[Black "Gareyev, Timur"]
[WhiteFideId "25060783"]
[BlackFideId "14200937"]
[WhiteElo "2597"]
[BlackElo "2617"]
[Result "0-1"]
[Round "03"]
[TimeControl "180+2"]
[Date "2023.01.10"]
[WhiteClock "0:00:02"]
[BlackClock "0:00:14"]

1. e4 e5 2. Nf3 Nc6 3. Bb5 a6 4. Ba4 Nf6 5. O-O Bc5 6. d3 d6 7. c3 Ba7 8. h3 h6 9. Nbd2 g5 10. Bxc6+ bxc6 11. d4 g4 12. hxg4 Nxg4 13. Re1 Rg8 14. Nf1 h5 15. Ng3 h4 16. Nf5 Bxf5 17. exf5 Qf6 18. Qa4 Kd7 19. Re2 Qxf5 20. d5 Bb6 21. Nd4 Qd3 22. Rd2 Qe4 23. Re2 Qxd5 24. Nf3 h3 25. c4 Qxf3 26. gxf3 Nxf2+ 27. Kf1 h2 28. Rxf2 h1=Q+ 29. Ke2 Bxf2 30. Qc2 Qh3 31. Qe4 Bd4 32. Kd3 f5 33. Qe2 Rg3 34. Bd2 Rxf3+ 35. Kc2 Rf2 0-1


[Site "https://www.chess.com"]

[Event "Titled Tuesday Blitz January 10 Early 2023"]
[White "Zemlyanskii, Ivan"]
[Black "Anton Guijarro, David"]
[WhiteFideId "24249971"]
[BlackFideId "2285525"]
[WhiteElo "2300"]
[BlackElo "2690"]
[Result "0-1"]
[Round "03"]
[TimeControl "180+2"]
[Date "2023.01.10"]
[WhiteClock "0:00:07"]
[BlackClock "0:01:10"]

1. d4 Nf6 2. c4 e6 3. Nf3 d5 4. g3 Bb4+ 5. Bd2 Be7 6. Bg2 O-O 7. Qc2 Nbd7 8. O-O c6 9. Bf4 b6 10. Nbd2 Bb7 11. e4 Nh5 12. Be3 Nhf6 13. cxd5 cxd5 14. e5 Ng4 15. Bf4 g5 16. Be3 Nxe3 17. fxe3 g4 18. Nh4 Rc8 19. Qd1 h5 20. h3 Bxh4 21. gxh4 Qxh4 22. hxg4 hxg4 23. Rf4 f5 24. exf6 Nxf6 25. Qe2 Kg7 26. Raf1 Rh8 27. Rxf6 Qh2+ 28. Kf2 Kxf6 29. Qxg4 Rcg8 30. Ke1+ Ke7 31. Qf3 Qg3+ 32. Ke2 Ba6+ 33. Kd1 Qxf3+ 34. Rxf3 Rxg2 0-1


[Site "https://www.chess.com"]

[Event "Titled Tuesday Blitz January 10 Early 2023"]
[White "Vidit, Santosh Gujrathi"]
[Black "Putnam, Liam"]
[WhiteFideId "5029465"]
[BlackFideId "30938279"]
[WhiteElo "2731"]
[BlackElo "2285"]
[Result "1-0"]
[Round "03"]
[TimeControl "180+2"]
[Date "2023.01.10"]
[WhiteClock "0:00:57"]
[BlackClock "0:00:16"]

1. d4 Nf6 2. c4 e6 3. Nf3 Nc6 4. g3 Bb4+ 5. Bd2 a5 6. Bg2 d6 7. O-O O-O 8. Bg5 a4 9. a3 Ba5 10. Qxa4 Bd7 11. Qc2 h6 12. Bd2 Bb6 13. Bc3 Qe7 14. b4 e5 15. dxe5 dxe5 16. c5 Ba7 17. Nbd2 Rfe8 18. Rfd1 e4 19. Bxf6 gxf6 20. Qxe4 Qxe4 21. Nxe4 Rxe4 22. Rxd7 Bb8 23. b5 Na5 24. Rd8+ Kg7 25. Nd4 Re5 26. Rc1 h5 27. h4 f5 28. e3 Kf6 29. a4 Kg7 30. Bf3 Kg6 31. Rc3 Kf6 32. Ne2 c6 33. Nf4 cxb5 34. axb5 Ke7 35. Rh8 Kd7 36. Rd3+ Ke7 37. c6 bxc6 38. bxc6 Nc4 39. Kg2 Ra2 40. Rxb8 Nxe3+ 41. Rxe3 Rxe3 42. Nd5+ 1-0


[Site "https://www.chess.com"]

[Event "Titled Tuesday Blitz January 10 Early 2023"]
[White "Praggnanandhaa R"]
[Black "Harshavardhan G B"]
[WhiteFideId "25059530"]
[BlackFideId "25059009"]
[WhiteElo "2688"]
[BlackElo "2408"]
[Result "0-1"]
[Round "03"]
[TimeControl "180+2"]
[Date "2023.01.10"]
[WhiteClock "0:00:02"]
[BlackClock "0:00:06"]

1. e3 e5 2. c4 Nf6 3. Nc3 Nc6 4. g4 h6 5. Bg2 d6 6. h3 Be6 7. d3 d5 8. cxd5 Nxd5 9. a3 Nb6 10. Nge2 h5 11. gxh5 Rxh5 12. Nf4 Rh6 13. Nxe6 Rxe6 14. b4 a6 15. Bb2 Qd7 16. h4 f5 17. Bh3 g6 18. h5 O-O-O 19. hxg6 Rxg6 20. Qh5 Ne7 21. Rd1 Kb8 22. Ne4 Rh6 23. Qe2 Nc6 24. Ng3 Rxh3 25. Rxh3 f4 26. Qh5 fxg3 27. Rxg3 Na4 28. Ba1 Qd5 29. d4 Qb3 30. dxe5 Qxa3 31. Kf1 Bxb4 32. Rxd8+ Nxd8 33. Qd1 Nc6 34. Kg2 Nb6 35. Qb1 Qa5 36. f4 Qc5 37. Bb2 Qc4 38. Qd1 Bc5 39. Kh2 Nd5 40. Bc1 Nc3 41. Qc2 Qb4 42. Rg8+ Ka7 43. Bd2 Qe4 44. Qxc3 Bb4 45. Qb2 Qh7+ 46. Kg3 Qxg8+ 47. Kf2 Qc4 48. Bxb4 Nxb4 49. Kg3 Nd3 50. Qd2 Nc5 51. Qd8 Ne4+ 52. Kf3 Nc3 53. Qd7 Qf1+ 54. Kg4 Qg2+ 55. Kh5 Qh2+ 56. Kg6 Qg3+ 57. Kf6 Qxe3 58. f5 Ne4+ 59. Kf7 Ng5+ 60. Kf6 Ne4+ 61. Kf7 Qc5 62. Qe7 Qd5+ 63. Kf8 Nc5 64. Kg7 Nd7 65. e6 Qe5+ 66. f6 Qg5+ 67. Kf7 Ne5+ 68. Kf8 Ng6+ 69. Ke8 Nxe7 70. Kxe7 c5 71. Kf7 c4 72. e7 Qd5+ 73. Kf8 Qd6 74. f7 c3 75. Ke8 Qc6+ 76. Kd8 Kb8 77. e8=Q Qc7# 0-1


[Site "https://www.chess.com"]

[Event "Titled Tuesday Blitz January 10 Early 2023"]
[White "Preotu, Razvan"]
[Black "Paravyan, David"]
[WhiteFideId "2613280"]
[BlackFideId "4194985"]
[WhiteElo "2475"]
[BlackElo "2601"]
[Result "1-0"]
[Round "03"]
[TimeControl "180+2"]
[Date "2023.01.10"]
[WhiteClock "0:00:26"]
[BlackClock "0:00:04"]

1. e4 e5 2. Nf3 Nf6 3. d4 Nxe4 4. Bd3 d5 5. Nxe5 Nd7 6. Nxd7 Bxd7 7. O-O Bd6 8. Nc3 Nxc3 9. bxc3 h5 10. Re1+ Kf8 11. h3 Qf6 12. a4 a5 13. Ba3 Bxa3 14. Rxa3 Re8 15. Rb3 Rxe1+ 16. Qxe1 b6 17. Bb5 Qe7 18. Qd1 Be6 19. c4 g6 20. cxd5 Bxd5 21. c4 Bb7 22. d5 Kg7 23. Re3 Qf6 24. Qe1 Rf8 25. Re7 Qd6 26. Rd7 Qf4 27. g3 Qf6 28. Rxc7 Bc8 29. Kg2 Bf5 30. Re7 Kg8 31. Qe5 Qxe5 32. Rxe5 Rd8 33. Re7 Kf8 34. Rb7 Rd6 35. h4 Be4+ 36. f3 Bc2 37. Kf2 Rf6 38. Ke3 Bd1 39. f4 Bg4 40. Kd4 Rd6 41. Ke5 Rd8 42. Rxb6 Kg7 43. d6 f6+ 44. Kd4 Kf7 45. c5 Ke6 46. Rb7 Bf3 47. Re7+ Kf5 48. Bd7+ 1-0


[Site "https://www.chess.com"]

[Event "Titled Tuesday Blitz January 10 Early 2023"]
[White "Chigaev, Maksim"]
[Black "Aradhya, Garg"]
[WhiteFideId "4108116"]
[BlackFideId "25006746"]
[WhiteElo "2628"]
[BlackElo "2284"]
[Result "1-0"]
[Round "03"]
[TimeControl "180+2"]
[Date "2023.01.10"]
[WhiteClock "0:00:27"]
[BlackClock "0:00:09"]

1. e4 e5 2. Bc4 Nf6 3. d3 Nc6 4. Nf3 Bc5 5. c3 O-O 6. Bg5 h6 7. Bh4 Be7 8. Nbd2 d5 9. Bxf6 Bxf6 10. Bxd5 Ne7 11. Bc4 Ng6 12. g3 Bh3 13. Qe2 Qd7 14. O-O-O Rfd8 15. Nf1 b5 16. Bb3 Be6 17. Ne3 Bxb3 18. axb3 Qe6 19. Qc2 Ne7 20. h4 a5 21. g4 g6 22. Kb1 a4 23. b4 a3 24. b3 Rdc8 25. g5 hxg5 26. Nxg5 Qd6 27. Ka2 c5 28. Nf3 cxb4 29. c4 Nc6 30. h5 Na5 31. hxg6 fxg6 32. Rdg1 Bg7 33. Rg3 bxc4 34. dxc4 Rd8 35. Nd5 Rf8 36. Rhg1 Nc6 37. Rxg6 Qxg6 38. Rxg6 Rxf3 39. Rxc6 Raf8 40. Ne7+ Kh7 41. Nf5 Rd8 42. Rc7 Rfd3 43. Rxg7+ Kh8 44. Rg2 Rd2 45. f3 Rxc2+ 46. Rxc2 Rd3 47. c5 Rxf3 48. c6 Rc3 49. Rxc3 bxc3 50. c7 c2 51. c8=Q+ Kh7 52. Qxc2 Kg6 53. Kxa3 Kf6 54. b4 Kg5 55. b5 Kf4 56. b6 Kf3 57. b7 Kf4 58. b8=Q Kf3 59. Qxe5 Kg4 60. Qg2+ Kh5 61. Qh8# 1-0


[Site "https://www.chess.com"]

[Event "Titled Tuesday Blitz January 10 Early 2023"]
[White "Avila Pavas, Santiago"]
[Black "Eljanov, Pavel"]
[WhiteFideId "4437128"]
[BlackFideId "14102951"]
[WhiteElo "2522"]
[BlackElo "2705"]
[Result "0-1"]
[Round "03"]
[TimeControl "180+2"]
[Date "2023.01.10"]
[WhiteClock "0:00:03"]
[BlackClock "0:00:17"]

1. d4 Nf6 2. Nf3 e6 3. Bf4 c5 4. e3 d5 5. c3 Bd6 6. Nbd2 O-O 7. Bg3 Qc7 8. Bd3 Nbd7 9. e4 dxe4 10. Nxe4 Nxe4 11. Bxe4 Nf6 12. Bc2 Bxg3 13. hxg3 h6 14. Qd2 cxd4 15. cxd4 Bd7 16. O-O-O Ba4 17. b3 Bc6 18. Kb2 Bxf3 19. gxf3 Rfd8 20. Be4 Rac8 21. Rc1 Qb6 22. Rxc8 Rxc8 23. Bb1 Rd8 24. Rd1 e5 25. Qe3 exd4 26. Qd3 g6 27. Rh1 Kg7 28. g4 Qd6 29. Qd2 Rh8 30. Rd1 Rd8 31. Rh1 Ng8 32. Bd3 Qf6 33. f4 b6 34. g5 hxg5 35. fxg5 Qe5 36. f4 Qe3 37. Qd1 Ne7 38. Bc4 Nf5 39. Qg4 d3 40. Rh3 Qd4+ 41. Ka3 d2 0-1


[Site "https://www.chess.com"]

[Event "Titled Tuesday Blitz January 10 Early 2023"]
[White "Vokhidov, Shamsiddin"]
[Black "Samunenkov, Ihor"]
[WhiteFideId "14204223"]
[BlackFideId "14187086"]
[WhiteElo "2586"]
[BlackElo "2501"]
[Result "1-0"]
[Round "03"]
[TimeControl "180+2"]
[Date "2023.01.10"]
[WhiteClock "0:01:26"]
[BlackClock "0:00:07"]

1. e4 c5 2. Nf3 Nc6 3. Bb5 g6 4. Bxc6 dxc6 5. d3 Bg7 6. h3 Nf6 7. a4 Nd7 8. a5 e5 9. Be3 Qe7 10. Qd2 h6 11. Qc3 f5 12. Na3 O-O 13. Nc4 f4 14. Bc1 g5 15. b3 Re8 16. Bb2 h5 17. Qd2 Bf6 18. g3 Kf7 19. gxf4 gxf4 20. Rg1 Rb8 21. Qe2 Rh8 22. h4 b5 23. axb6 axb6 24. Ra7 Bb7 25. Ng5+ Ke8 26. Qf3 Kd8 27. Qh3 Kc8 28. Nf7 Rf8 29. Nxb6+ Kc7 30. Nxd7 Qxd7 31. Qxd7+ Kxd7 32. Nxe5+ Ke6 33. Nc4 Bxb2 34. Nxb2 Ra8 35. Rxb7 Ra1+ 36. Nd1 1-0


[Site "https://www.chess.com"]

[Event "Titled Tuesday Blitz January 10 Early 2023"]
[White "Talibov, Shiroghlan"]
[Black "Puranik, Abhimanyu"]
[WhiteFideId "13429078"]
[BlackFideId "5061245"]
[WhiteElo "2359"]
[BlackElo "2613"]
[Result "0-1"]
[Round "03"]
[TimeControl "180+2"]
[Date "2023.01.10"]
[WhiteClock "0:00:04"]
[BlackClock "0:00:16"]

1. c4 c5 2. Nc3 Nf6 3. Nf3 d5 4. cxd5 Nxd5 5. g3 Nc6 6. Bg2 Nc7 7. O-O e5 8. d3 Be7 9. b3 O-O 10. Bb2 Be6 11. Rc1 f6 12. e3 Qd7 13. Na4 b6 14. d4 cxd4 15. exd4 e4 16. d5 Bxd5 17. Nd4 Nb4 18. Nc3 Nd3 19. Nxd5 Nxd5 20. Bxe4 Nxc1 21. Nf5 Rad8 22. Qg4 g6 23. Rd1 Kh8 24. Rxd5 Qe6 25. Rxd8 Bxd8 26. Bxc1 gxf5 27. Bxf5 Qe1+ 28. Kg2 Qxc1 29. Qh5 Qc6+ 0-1


[Site "https://www.chess.com"]

[Event "Titled Tuesday Blitz January 10 Early 2023"]
[White "Oparin, Grigoriy"]
[Black "Gledura, Benjamin"]
[WhiteFideId "24125890"]
[BlackFideId "712779"]
[WhiteElo "2667"]
[BlackElo "2644"]
[Result "0-1"]
[Round "03"]
[TimeControl "180+2"]
[Date "2023.01.10"]
[WhiteClock "0:00:04"]
[BlackClock "0:00:08"]

1. d4 Nf6 2. c4 g6 3. Nf3 Bg7 4. g3 c6 5. Bg2 d5 6. O-O O-O 7. Qa4 e6 8. Bf4 Nbd7 9. Nbd2 Ne4 10. Qc2 f5 11. b4 h6 12. Ne5 g5 13. Nxd7 Bxd7 14. Be5 Bxe5 15. dxe5 a5 16. a3 axb4 17. axb4 Rxa1 18. Rxa1 Qb6 19. Nxe4 fxe4 20. e3 Qxb4 21. Rb1 Qc5 22. Rxb7 Bc8 23. Rb2 Ba6 24. cxd5 Qxc2 25. Rxc2 cxd5 26. Bh3 Bc4 27. Bxe6+ Kg7 28. Bg4 Re8 29. Rb2 Rxe5 30. Rb7+ Kg6 31. Rb6+ Kg7 32. Be6 Be2 33. h3 h5 34. Rd6 d4 35. exd4 Ra5 36. f4 exf3 37. Kf2 Ra4 38. Bf5 Ra2 39. Be4 Bd1+ 40. Kf1 g4 41. hxg4 hxg4 42. Rg6+ Kf7 43. Rxg4 Be2+ 44. Kf2 Bd1+ 45. Ke3 Re2+ 46. Kd3 Bc2+ 47. Kc4 Bxe4 48. Rf4+ Ke6 49. g4 f2 50. g5 Re1 51. g6 f1=Q+ 52. Rxf1 Rxf1 0-1


[Site "https://www.chess.com"]

[Event "Titled Tuesday Blitz January 10 Early 2023"]
[White "Ioannidis, Evgenios"]
[Black "Svidler, Peter"]
[WhiteFideId "4229274"]
[BlackFideId "4102142"]
[WhiteElo "2467"]
[BlackElo "2683"]
[Result "0-1"]
[Round "03"]
[TimeControl "180+2"]
[Date "2023.01.10"]
[WhiteClock "0:00:32"]
[BlackClock "0:00:53"]

1. d4 Nf6 2. c4 g6 3. g3 Bg7 4. Bg2 O-O 5. Nc3 Nc6 6. Nf3 d5 7. cxd5 Nxd5 8. O-O Bf5 9. Qb3 Nxc3 10. bxc3 Na5 11. Qa4 c5 12. Ba3 Bd7 13. Qd1 cxd4 14. cxd4 Nc4 15. Bb4 a5 16. Bc3 Rc8 17. Rc1 b5 18. Qd3 Qb6 19. d5 Bxc3 20. Rxc3 Nd6 21. Rfc1 b4 22. Rxc8 Rxc8 23. Rxc8+ Bxc8 24. Ne5 Ba6 25. Qc2 Qd4 26. Nc6 Qa1+ 27. Bf1 Bc4 28. Nxe7+ Kf8 29. Nc8 Qc3 30. Qxc3 bxc3 31. Nxd6 Bxa2 0-1


[Site "https://www.chess.com"]

[Event "Titled Tuesday Blitz January 10 Early 2023"]
[White "Gholami Orimi, Mahdi"]
[Black "Horvath, Dominik"]
[WhiteFideId "12558486"]
[BlackFideId "1642561"]
[WhiteElo "2420"]
[BlackElo "2523"]
[Result "1-0"]
[Round "03"]
[TimeControl "180+2"]
[Date "2023.01.10"]
[WhiteClock "0:00:20"]
[BlackClock "0:00:03"]

1. d4 Nf6 2. c4 e6 3. Nc3 d5 4. cxd5 exd5 5. Bg5 Bb4 6. e3 h6 7. Bh4 g5 8. Bg3 Ne4 9. Qc2 h5 10. f3 Nxg3 11. hxg3 Nc6 12. Bb5 Rh6 13. Ne2 Qe7 14. Qd3 a6 15. Ba4 b5 16. Bb3 Be6 17. g4 h4 18. Kd2 Na5 19. Ng3 Nc4+ 20. Bxc4 bxc4 21. Qc2 Rf6 22. Nh5 Rg6 23. g3 c5 24. Rae1 Kf8 25. gxh4 Rb8 26. Kd1 cxd4 27. exd4 Qa7 28. Qd2 Be7 29. Re5 Rxb2 30. Qe3 Qb6 31. Re1 Rb1+ 32. Nxb1 Qxb1+ 33. Ke2 Qxa2+ 34. Kf1 gxh4 35. Nf4 h3 36. Nxg6+ Ke8 37. Qe2 h2 38. Kg2 1-0


[Site "https://www.chess.com"]

[Event "Titled Tuesday Blitz January 10 Early 2023"]
[White "Acor, Corey"]
[Black "Lenderman, Aleksandr"]
[WhiteFideId "2024861"]
[BlackFideId "2021285"]
[WhiteElo "2216"]
[BlackElo "2572"]
[Result "0-1"]
[Round "03"]
[TimeControl "180+2"]
[Date "2023.01.10"]
[WhiteClock "0:01:29"]
[BlackClock "0:02:37"]

1. e4 e6 2. d3 d5 3. Nd2 Nc6 4. g3 Nf6 5. Bg2 dxe4 6. dxe4 Bc5 7. Ngf3 e5 8. O-O O-O 9. b3 Qe7 10. Bb2 Rd8 11. Qe2 b6 12. Rad1 a5 13. c4 a4 14. Bc3 Bb4 15. Nb1 Rxd1 16. Rxd1 Bg4 17. h3 Bxf3 18. Qxf3 Bxc3 19. Qxc3 Nd4 20. b4 Ne2+ 0-1


[Site "https://www.chess.com"]

[Event "Titled Tuesday Blitz January 10 Early 2023"]
[White "Dvirnyy, Danyyil"]
[Black "Maksimovic, Bojan"]
[WhiteFideId "817570"]
[BlackFideId "14408120"]
[WhiteElo "2541"]
[BlackElo "2486"]
[Result "1/2-1/2"]
[Round "03"]
[TimeControl "180+2"]
[Date "2023.01.10"]
[WhiteClock "0:01:39"]
[BlackClock "0:02:22"]

1. e4 g6 2. d4 Nf6 3. e5 Nd5 4. Nf3 d6 5. c4 Nb6 6. exd6 cxd6 7. h3 Bg7 8. Nc3 O-O 9. Be2 Nc6 10. O-O e5 11. Be3 exd4 12. Nxd4 d5 13. Nxc6 bxc6 14. cxd5 Nxd5 15. Nxd5 cxd5 16. Bd4 Be6 17. Bxg7 Kxg7 18. Qd4+ Qf6 19. Rfd1 Rfb8 20. b3 a5 21. Bf3 a4 22. bxa4 Ra5 23. Rac1 Qxd4 24. Rxd4 Rb2 25. Rcd1 Rxa2 26. Bxd5 Bxd5 27. Rxd5 Rxd5 28. Rxd5 Rxa4 1/2-1/2


[Site "https://www.chess.com"]

[Event "Titled Tuesday Blitz January 10 Early 2023"]
[White "Keymer, Vincent"]
[Black "Fernandez Guillen, Ernesto J."]
[WhiteFideId "12940690"]
[BlackFideId "3512428"]
[WhiteElo "2700"]
[BlackElo "2477"]
[Result "0-1"]
[Round "03"]
[TimeControl "180+2"]
[Date "2023.01.10"]
[WhiteClock "0:00:04"]
[BlackClock "0:01:10"]

1. a3 g6 2. d4 Bg7 3. Nf3 d5 4. c4 c6 5. cxd5 cxd5 6. Nc3 Nf6 7. Bf4 O-O 8. e3 Nc6 9. h3 Bf5 10. Be2 Rc8 11. O-O a6 12. Rc1 b5 13. Ne5 Na5 14. a4 b4 15. Na2 Qb6 16. g4 Be6 17. Qd3 b3 18. Rxc8 Rxc8 19. Nc3 Nc4 20. Nxc4 dxc4 21. Qd2 Nd5 22. Bg3 Qb4 23. Rc1 a5 24. f4 Nxc3 25. Qxc3 Qxa4 26. Be1 Qa2 27. Kf2 a4 28. Bd2 a3 29. bxa3 b2 30. Rc2 b1=Q 31. Rxa2 Qxa2 32. e4 Qb3 33. f5 Bd7 0-1


[Site "https://www.chess.com"]

[Event "Titled Tuesday Blitz January 10 Early 2023"]
[White "Karthik Rajaa"]
[Black "Bachmann, Axel"]
[WhiteFideId "25035215"]
[BlackFideId "3700488"]
[WhiteElo "2276"]
[BlackElo "2604"]
[Result "1-0"]
[Round "03"]
[TimeControl "180+2"]
[Date "2023.01.10"]
[WhiteClock "0:01:20"]
[BlackClock "0:00:42"]

1. e4 Nc6 2. Nf3 d6 3. d4 Nf6 4. d5 Nb8 5. Bd3 c6 6. O-O g6 7. b3 Bg7 8. Bb2 O-O 9. c4 Bg4 10. Nbd2 a5 11. a3 Na6 12. h3 Nc5 13. Bc2 Bxf3 14. Qxf3 Nfxe4 15. Nxe4 Bxb2 16. Nxc5 Bxa1 17. Nxb7 Qb6 18. Rxa1 Qxb7 19. dxc6 Qb6 20. Re1 e6 21. Rd1 Rfd8 22. Be4 Qc5 23. c7 Qxc7 24. Bxa8 d5 25. cxd5 Rxa8 26. d6 Qd8 27. d7 1-0


[Site "https://www.chess.com"]

[Event "Titled Tuesday Blitz January 10 Early 2023"]
[White "Dominguez Perez, Leinier"]
[Black "Blohberger, Felix"]
[WhiteFideId "3503240"]
[BlackFideId "1632051"]
[WhiteElo "2739"]
[BlackElo "2501"]
[Result "1-0"]
[Round "03"]
[TimeControl "180+2"]
[Date "2023.01.10"]
[WhiteClock "0:01:18"]
[BlackClock "0:00:16"]

1. e4 e5 2. Nf3 Nc6 3. Bc4 Nf6 4. d3 Bc5 5. c3 d6 6. O-O a5 7. Re1 h6 8. Nbd2 O-O 9. Nf1 Be6 10. Bb5 Bb6 11. Ng3 Ne7 12. d4 Ng6 13. h3 c6 14. Ba4 Bc7 15. Bc2 Re8 16. Be3 b5 17. a4 Bb6 18. axb5 cxb5 19. Qd2 Qc7 20. Rad1 b4 21. Nf5 bxc3 22. bxc3 Bxf5 23. exf5 Nf8 24. Bxh6 gxh6 25. Qxh6 N8h7 26. Ng5 exd4 27. Nxh7 Nxh7 28. f6 Nxf6 29. Qg5+ Kf8 30. Qxf6 Kg8 31. Qg5+ 1-0


[Site "https://www.chess.com"]

[Event "Titled Tuesday Blitz January 10 Early 2023"]
[White "Goryachkina, Aleksandra"]
[Black "Ibarra Jerez, Jose Carlos"]
[WhiteFideId "4147103"]
[BlackFideId "2226332"]
[WhiteElo "2571"]
[BlackElo "2563"]
[Result "0-1"]
[Round "03"]
[TimeControl "180+2"]
[Date "2023.01.10"]
[WhiteClock "0:00:03"]
[BlackClock "0:00:26"]

1. e4 c5 2. Nf3 Nc6 3. Bb5 e6 4. Bxc6 bxc6 5. b3 e5 6. Nxe5 Qe7 7. Ng4 f5 8. Ne3 fxe4 9. O-O d5 10. d3 Qe5 11. c3 Bd6 12. g3 Ba6 13. d4 Qe6 14. Re1 Nf6 15. Ba3 O-O 16. Bxc5 Bxc5 17. dxc5 Qh3 18. Nd2 h5 19. b4 Ng4 20. Nxg4 hxg4 21. Nf1 Bxf1 22. Rxf1 Rf5 23. Qd2 Raf8 24. f4 gxf3 25. Rf2 Qg4 26. Qe3 Rh5 27. Rd1 Rh3 28. Kf1 Qh5 29. Rdd2 Rxg3 0-1


[Site "https://www.chess.com"]

[Event "Titled Tuesday Blitz January 10 Early 2023"]
[White "Jones, Gawain C B"]
[Black "Starozhilov, Leonid"]
[WhiteFideId "409561"]
[BlackFideId "14106752"]
[WhiteElo "2618"]
[BlackElo "2313"]
[Result "1-0"]
[Round "03"]
[TimeControl "180+2"]
[Date "2023.01.10"]
[WhiteClock "0:00:08"]
[BlackClock "0:00:09"]

1. Nf3 Nf6 2. b3 g6 3. Bb2 Bg7 4. g3 O-O 5. Bg2 d6 6. d4 c6 7. O-O Bf5 8. Nbd2 d5 9. c4 a5 10. Re1 Na6 11. Nh4 Bg4 12. h3 Be6 13. e4 Nxe4 14. Nxe4 dxe4 15. Rxe4 c5 16. Nf3 Bf5 17. Re2 Nb4 18. d5 Bxb2 19. Rxb2 a4 20. bxa4 Qa5 21. a3 Qxa4 22. g4 Be4 23. Qe2 Bd3 24. Qxe7 Bxc4 25. Ne5 Bxd5 26. Rxb4 cxb4 27. Bxd5 Qe8 28. Qxe8 Raxe8 29. Nxf7 Rxf7 30. axb4 Rd8 31. Bxf7+ Kxf7 32. Ra7 Rd7 33. Kg2 g5 34. Kf3 Kf6 35. Ke4 Ke6 36. Ra5 h6 37. Re5+ Kf6 38. Rd5 Re7+ 39. Kd4 Re2 40. Rf5+ Kg6 41. Kc5 Re6 42. Rd5 Kf7 43. Rd7+ Ke8 44. Rxb7 Rf6 45. b5 Rxf2 46. Rh7 Rc2+ 47. Kb6 Rd2 48. Rxh6 Ke7 49. Kc7 Rc2+ 50. Rc6 Rh2 51. b6 Rxh3 52. b7 1-0


[Site "https://www.chess.com"]